 Dungeon Crawl Stone Soup version 0.32-a0-886-g41c5271027 (webtiles) character file.

Game seed: 12806691397014786798

32 601d51SH the Magician (level 3, -1/25 HPs)
             Began as a Gnoll Wanderer on Apr 3, 2024.
             Slain by a quokka (2 damage)
             ... on level 2 of the Dungeon.
             The game lasted 00:04:10 (1141 turns).

601d51SH the Magician (Gnoll Wanderer)              Turns: 1141, Time: 00:04:10

Health: -1/25      AC:  6    Str:  9    XL:     3   Next: 25%
Magic:  11/11      EV: 10    Int: 16    God:
Gold:   55         SH:  0    Dex: 10    Spells: 15/16 levels left

rFire   . . .        f - +0 hand axe
rCold   . . .        (no shield)
rNeg    . . .        c - +0 ring mail
rPois   .            d - +0 helmet
rElec   .            (no cloak)
rCorr   .            (no gloves)
SInv    .            (no boots)
Will    .....        (no amulet)
Stlth   +            (no ring)
HPRegen 0.24/turn    (no ring)
MPRegen 0.12/turn

%: no passive effects
@: no status effects
A: fangs 1, strong nose, distributed training
a: no special abilities


You were on level 2 of the Dungeon.
You visited 1 branch of the dungeon, and saw 2 of its levels.

You collected 55 gold pieces.

Inventory:

Hand Weapons
 a - a +0 dagger
 f - a +0 hand axe (weapon)
Armour
 c - a +0 ring mail (worn)
 d - a +0 helmet (worn)
 h - a +0 robe of positive energy
Scrolls
 b - a scroll of teleportation
 e - 3 scrolls of identify {unknown}
 i - a scroll of poison {unknown}
 j - a scroll of blinking {unknown}
Potions
 g - a potion of brilliance {unknown}


   Skills:
 + Level 0.7 Fighting
 + Level 0.7 Short Blades
 + Level 0.7 Long Blades
 + Level 0.7 Axes
 + Level 0.7 Maces & Flails
 + Level 0.7 Polearms
 + Level 0.7 Staves
 + Level 0.7 Ranged Weapons
 + Level 0.7 Throwing
 + Level 2.6 Armour
 + Level 4.5 Dodging
 + Level 2.3 Stealth
 + Level 0.7 Shields
 + Level 0.7 Unarmed Combat
 + Level 7.1 Spellcasting
 + Level 0.5 Conjurations
 + Level 0.5 Hexes
 + Level 5.4 Summonings
 + Level 0.5 Necromancy
 + Level 0.5 Translocations
 + Level 0.5 Fire Magic
 + Level 0.5 Ice Magic
 + Level 0.5 Air Magic
 + Level 0.5 Earth Magic
 + Level 0.5 Alchemy
 + Level 0.9 Invocations
 + Level 0.7 Evocations
 + Level 0.6 Shapeshifting


You had 15 spell levels left.
You knew the following spells:

 Your Spells              Type           Power      Damage    Failure   Level
a - Summon Small Mammal   Summ           92%        N/A       3%          1

Your spell library contained the following spells:

 Spells                   Type           Power      Damage    Failure   Level
 Summon Ice Beast         Ice/Summ       15%        N/A       28%         3
 Mercury Vapours          Alch/Air       14%        N/A       38%         2
 Static Discharge         Conj/Air       14%        3-4/arc   38%         2
 Summon Blazeheart Golem  Fire/Summ      15%        N/A       67%         4


Dungeon Overview and Level Annotations

Branches:
Dungeon (2/15)

Altars:

Shops:
D:1 ?


Innate Abilities, Weirdness & Mutations

You have very sharp teeth.
Your uncanny sense of smell can sniff out nearby items.
Your experience applies equally to all skills.


Message History

You hit the ball python but do no damage.
You hit the quokka. The bat hits you but does no damage.
The ball python bites you. The ball python constricts you.
The quokka bites you but does no damage.
Your rat barely misses the ball python.
The ball python bites you but does no damage.
The ball python constricts you. The quokka completely misses you.
You barely miss the kobold. You hit the quokka but do no damage.
You closely miss the bat. You hit the ball python.
You kill the ball python!
The bat hits you. The bat hits your rat.
A ball python comes into view.
Your rat misses the bat. The quokka bites you. The kobold barely misses you.
You closely miss the kobold. You hit the quokka but do no damage.
You hit the kobold but do no damage. The bat closely misses you.
The kobold hits you but does no damage. The quokka bites you.
The kobold barely misses you. The kobold hits you but does no damage.
Your rat closely misses the kobold.
The kobold hits you with a +2 short sword of speed.
The quokka misses you.
You closely miss the kobold. You closely miss the quokka.
You barely miss the kobold. The bat hits your rat.
Your rat dies!
Your rat's corpse disappears in a puff of smoke!
The kobold hits you with a +2 dagger of speed.
The kobold hits you with a +2 short sword of speed.
* * * LOW HITPOINT WARNING * * *
The quokka bites you but does no damage.
The kobold barely misses you. x2
You barely miss the kobold. You closely miss the quokka.
You barely miss the kobold. The bat barely misses you.
The quokka closely misses you. The kobold misses you.
The kobold hits you with a +2 short sword of speed.
* * * LOW HITPOINT WARNING * * *
The kobold hits you but does no damage. The quokka closely misses you.
The kobold completely misses you.
You barely miss the kobold. You barely miss the quokka. You hit the bat.
You barely miss the kobold. The bat misses you.
The kobold completely misses you. The quokka bites you.
You die...

.......#
#.##.....#
....)..#
#[######.#
## ..)....#
#.# #.# #.
.......###.#
#.###.
..........#
#.#...
###......#
#.#.#.
#......#
#.#.#.
#r.b...#
#.#...
#@†.?..#
#.....
#KKS$..#
######
#l.....# #
#........ #
#........K #
#.........
#####
..........
#....
..###...!
#.### #....


You could see a quokka, a bat, a ball python, 2 kobolds and a frilled lizard.

Vanquished Creatures
  4 ball pythons
  4 giant cockroaches (D:1)
  2 goblins (D:1)
  2 hobgoblins (D:1)
  5 quokkas
  A bat (D:1)
  A frilled lizard (D:1)
  3 kobolds (D:1)
  5 rats (D:1)
27 creatures vanquished.

Vanquished Creatures (collateral kills)
  A hobgoblin (D:1)
1 creature vanquished.

Grand Total: 28 creatures vanquished

Notes
Turn   | Place    | Note
-------+----------+-------------------------------------------
     0 | D:1      | 601d51SH the Gnoll Wanderer began the quest for the Orb.
     0 | D:1      | 601d51SH set off with the following items: a +0 dagger, a
                  | scroll of teleportation, a +0 ring mail; and the following
                  | spell memorised: Summon Small Mammal; and the following
                  | spells available to memorise: Summon Ice Beast, Mercury
                  | Vapours, Static Discharge, Summon Blazeheart Golem.
     0 | D:1      | Reached XP level 1. HP: 13/13 MP: 8/8
   126 | D:1      | Reached XP level 2. HP: 19/19 MP: 10/10
   400 | D:1      | Found Tycviun's Magic Scroll Emporium.
   733 | D:1      | Reached XP level 3. HP: 23/25 MP: 11/11
  1140 | D:2      | HP: 1/25 [kobold/+2 short sword of speed (3)]
  1141 | D:2      | Slain by a quokka

Illustrated notes

Levels and vault maps discovered:
D:1:      dpeg_arrival_prison, layout_basic, serial_shops, shop
D:2:      layout_basic

Action                     || total
---------------------------++-------
  Melee: Dagger            ||    67
         Bite              ||    12
         Hand axe          ||    72
   Cast: Summon Small Mamm ||     4
 Armour: Ring mail         ||   146
  Dodge: Dodged            ||   126

Table legend: (Time is in decaauts)
 A = Elapsed time spent in this place.
 B = Non-inter-level travel time spent in this place.
 C = Inter-level travel time spent in this place.
 D = Time resting spent in this place.
 E = Time spent auto-exploring this place.
 F = Levels seen in this place.
 G = Mean time per level.
                   A        B        C        D        E       F      G
               +--------+--------+--------+--------+--------+-----+--------+
         Total |   1159 |   1062 |     97 |     44 |    659 |   2 |  579.5 |
       Dungeon |   1159 |   1062 |     97 |     44 |    659 |   2 |  579.5 |
               +--------+--------+--------+--------+--------+-----+--------+

Top non-repeatable levels by time:
     D:1: 1057 daAuts
     D:2: 102 daAuts
